 Dungeon Crawl Stone Soup version 0.18-a0-917-g8a3da5b (webtiles) character file.

412 dvd the Chiller (level 6, -1/38 HPs)
             Began as an Octopode Ice Elementalist on Dec 26, 2015.
             Slain by an orc
             ... wielding a +0 hand axe
              (6 damage)
             ... on level 4 of the Dungeon.
             The game lasted 00:16:14 (5047 turns).

dvd the Chiller (Octopode Ice Elementalist)         Turns: 5047, Time: 00:16:15

Health: -1/38      AC:  7    Str:  8    XL:     6   Next: 90%
Magic:  6/11       EV: 13    Int: 18    God:
Gold:   140        SH:  0    Dex: 13    Spells: 4 memorised, 2 levels left

rFire  . . .     SeeInvis .     a - +4 mace
rCold  . . .     Gourm    .     (no shield)
rNeg   . . .     Faith    .     (helmet restricted)
rPois  .         Spirit   .     (no amulet)
rElec  .         Dismiss  .     (no ring)
rCorr  .         Reflect  .     (no ring)
SustAt .         Harm     .     (no ring)
MR     .....                    (no ring)
Stlth  ++++......               (no ring)
                                (no ring)
                                (no ring)
                                (no ring)

@: icy armour, very slightly contaminated, not resistant to hostile
enchantments, stealthy
A: almost no armour, amphibious, 8 rings, constrict 8, camouflage 1, gelatinous
body 1
a: no special abilities


You were on level 4 of the Dungeon.
You were hungry.

You visited 1 branch of the dungeon, and saw 4 of its levels.

You collected 140 gold pieces.

Inventory:

Hand Weapons
 a - a +4 mace (weapon)
 d - a +0 dagger
 k - a +0 short sword
 o - a +0 quarterstaff
 r - a cursed +0 spear
 t - a +0 trident
Scrolls
 e - 3 scrolls of identify {unknown}
 f - 5 scrolls of remove curse {unknown}
 h - a scroll of fog {unknown}
 i - a scroll of blinking {unknown}
 n - a scroll of enchant armour {unknown}
 u - a scroll of immolation {unknown}
Potions
 j - a potion of flight {unknown}
 m - a potion of cancellation {unknown}
 p - a potion of invisibility {unknown}
 v - a potion of agility {unknown}
 w - 2 potions of cure mutation {unknown}
Books
 s - a book of Frost

   Spells                             Type                      Level
   a - Freeze                         Ice                          1
   b - Throw Frost                    Conjuration/Ice              2
   c - Ozocubu's Armour               Charms/Ice                   3
   d - Throw Icicle                   Conjuration/Ice              4
   e - Summon Ice Beast               Ice/Summoning                4
   f - Condensation Shield            Ice                          4
Comestibles
 b - 2 bread rations
 c - a meat ration
 g - 9 fruits
 l - 21 chunks of flesh
 q - a beef jerky


   Skills:
 + Level 1.1 Fighting
 + Level 0.2 Short Blades
 + Level 1.2 Staves
 + Level 2.7 Dodging
 + Level 4.3 Stealth
 + Level 3.6 Spellcasting
 + Level 1.1 Conjurations
 + Level 0.8 Charms
 + Level 5.2 Ice Magic


You had 2 spell levels left.
You knew the following spells:

 Your Spells              Type           Power        Failure   Level  Hunger
a - Freeze                Ice            ###.         1%          1    None
b - Throw Frost           Conj/Ice       ##....       8%          2    ##.....
c - Ozocubu's Armour      Chrm/Ice       ##......     17%         3    ###....
d - Condensation Shield   Ice            ###.......   21%         4    ####...


Dungeon Overview and Level Annotations

Branches:
Dungeon (4/15)
 Temple: D:4-7

Altars:


Innate Abilities, Weirdness & Mutations

You cannot wear most types of armour.
You are amphibious.
You can wear up to eight rings at the same time.
You can use your tentacles to constrict eight enemies at once.
Your skin changes colour to match your surroundings (Stealth).
Your rubbery body absorbs attacks (AC +1).


Message History

You kill the orc wizard!
The orc priest mumbles some strange prayers to Beogh against you.
Pain shoots through your body! The orc hits you with a hand axe.
You hit the orc priest but do no damage.
You grab the orc priest. You constrict the orc priest.
The orc closely misses you. The orc priest closely misses you.
You hit the orc priest. Your squeeze misses the orc priest.
The orc priest is heavily wounded.
You constrict the orc priest. The orc hits you but does no damage.
The orc priest hits you with a morningstar!
* * * LOW HITPOINT WARNING * * *
The orc hits you but does no damage.
Unknown command.
You hit the orc priest.
The orc priest is almost dead.
You constrict the orc priest.
You kill the orc priest!
You are feeling hungry.
The orc hits you with a hand axe.
You die...

.o.$ .... ... ..#
#.# #.# #.#
#)#######..
#o@........
#######.########.
..........)##
...........<#
.######.##[##
#.##)#####.#
###..........#
#.........##.#
#.........#


You could see an orc.

Vanquished Creatures
  2 orc priests
  Natasha (twice) (D:2)
  A worker ant (D:3)
  An orc wizard (D:4)
  11 gnolls
  Robin (D:4)
  6 adders
  7 worms
  3 giant geckos
  3 orcs (D:3)
  2 ball pythons (D:1)
  4 bats
  A giant cockroach (D:2)
  10 hobgoblins
  3 jackals (D:3)
  3 quokkas
  A giant gecko zombie (D:3)
  4 giant newts
  14 goblins
  6 kobolds
  12 rats
97 creatures vanquished.

Notes
Turn   | Place    | Note
--------------------------------------------------------------
     0 | D:1      | dvd the Octopode Ice Elementalist began the quest for the Orb.
     0 | D:1      | Reached XP level 1. HP: 11/11 MP: 3/3
   309 | D:1      | Reached XP level 2. HP: 12/17 MP: 3/5
   322 | D:1      | Learned a level 2 spell: Throw Frost
   718 | D:1      | Reached XP level 3. HP: 11/21 MP: 3/6
   935 | D:1      | Learned a level 3 spell: Ozocubu's Armour
  1136 | D:1      | Reached skill level 4 in Ice Magic
  1701 | D:2      | Reached XP level 4. HP: 27/27 MP: 4/7
  2265 | D:2      | Noticed Natasha
  2271 | D:2      | Killed Natasha
  2457 | D:2      | Noticed Natasha
  2470 | D:2      | Killed Natasha
  2568 | D:2      | Reached XP level 5. HP: 19/31 MP: 1/9
  3762 | D:3      | Reached skill level 5 in Ice Magic
  3762 | D:3      | Reached XP level 6. HP: 31/37 MP: 5/10
  3768 | D:3      | Learned a level 4 spell: Condensation Shield
  3973 | D:3      | Reached skill level 1 in Staves
  4875 | D:4      | Noticed Robin
  4878 | D:4      | Killed Robin
  4878 | D:4      | Reached skill level 1 in Fighting
  5047 | D:4      | Slain by an orc

Vault maps used:
D:1:      dpeg_arrival_pond
D:2:      kennysheep_generic_room_6, uniq_natasha, uniq_crazy_yiuf_cottage
D:3:      first_bread
D:4:      uniq_menkaure, uniq_robin

Action                   |  1- 3 |  4- 6 || total
-------------------------+-------+-------++-------
Melee: Dagger            |    19 |    26 ||    45
       Quarterstaff      |       |    43 ||    43
       Mace              |       |    44 ||    44
 Cast: Freeze            |    29 |    31 ||    60
       Throw Frost       |     4 |    30 ||    34
       Ozocubu's Armour  |     1 |    16 ||    17
       Condensation Shie |       |     2 ||     2
 Stab: Sleeping          |     6 |     6 ||    12
  Eat: Chunk             |     3 |    11 ||    14
       Pizza             |       |     1 ||     1
       Beef jerky        |       |     1 ||     1
